 Dungeon Crawl Stone Soup version 0.31-a0-1511-g961fd35ebc (webtiles) character file.

Game seed: 2965162221867778674

20 Querens the Shield-Bearer (level 3, 0/29 HPs)
             Began as a Formicid Fighter on Dec 30, 2023.
             Succumbed to a kobold's poison
             ... on level 1 of the Dungeon.
             The game lasted 00:01:27 (406 turns).

Querens the Shield-Bearer (Formicid Fighter)         Turns: 406, Time: 00:01:28

Health: 0/29       AC:  8    Str: 21 (22) XL:     3   Next: 0%
Magic:  3/3        EV:  9    Int:  5 (7)  God:
Gold:   22         SH:  4    Dex: 11 (13) Spells: 2/2 levels left

rFire   . . .        a - +0 war axe
rCold   . . .        c - +0 buckler
rNeg    . . .        b - +0 scale mail
rPois   .            (helmet unavailable)
rElec   .            h - +0 cloak
rCorr   .            (no gloves)
SInv    +            (no boots)
Will    .....        (no amulet) Stlth
                     (no ring)
HPRegen 0.24/turn    (no ring)
MPRegen 0.08/turn

%: no passive effects
@: lethally poisoned (0 -> -1)
A: permanent stasis, dig shafts and tunnels, antennae 3, four strong arms
a: Dig, Shaft Self


You were on level 1 of the Dungeon.
You visited 1 branch of the dungeon, and saw 1 of its levels.

You collected 22 gold pieces.

Inventory:

Hand Weapons
 a - a +0 war axe (weapon)
Armour
 b - a +0 scale mail (worn)
 c - a +0 buckler (worn)
 h - a +0 cloak (worn)
Scrolls
 e - a scroll of teleportation {unknown}
 f - a scroll of revelation {unknown}
 g - a scroll of immolation
Potions
 d - a potion of might


   Skills:
 + Level 3.5 Fighting
 + Level 2.3 Axes
 + Level 3.5 Armour
 + Level 4.3 Shields


You had 2 spell levels left.
You didn't know any spells.
Your spell library was empty.

Dungeon Overview and Level Annotations

Branches:
Dungeon (1/15)

Altars:


Innate Abilities, Weirdness & Mutations

You cannot be hasted, slowed, berserked, paralysed or teleported.
You can dig through walls and to a lower floor.
You have a pair of large antennae on your head. (SInv)
Your four strong arms can wield two-handed weapons with a shield.


Message History

The goblin is severely wounded.
The goblin hits you with a +0 dagger. The goblin hits you but does no damage.
You slash the goblin!
You kill the goblin!
You see here a +0 dagger.
A kobold comes into view.
It is wielding a +1 short sword of venom.
The kobold shouts!
The kobold moves out of view.
The kobold hits you with a +1 short sword of venom.
You are poisoned.
You feel very sick. The kobold hits you but does no damage.
You are lethally poisoned!
You feel very sick.
You hit the kobold.
You kill the kobold!
You feel very sick.
You have reached level 3!
Your experience leads to an increase in your attributes!
Increase (S)trength, (I)ntelligence, or (D)exterity?
You feel stronger. x2
* * * LOW HITPOINT WARNING * * *
You feel very sick.
* * * LOW HITPOINT WARNING * * *
You feel sick.
It was a potion of degeneration.
There was something very wrong with that liquid.
You feel weakened.
You feel dopey.
You feel clumsy.
* * * LOW HITPOINT WARNING * * *
You feel sick.
Unknown command.
* * * LOW HITPOINT WARNING * * *
You feel sick.
* * * LOW HITPOINT WARNING * * *
You feel sick.
* * * LOW HITPOINT WARNING * * *
You feel sick.
* * * LOW HITPOINT WARNING * * *
You feel sick.
You die...

..# #.# #.####
.....### #......##
######## #####...#
#......#
#.#.####......#
#####.#...##......#
....†........)..@.+
#####.###.........#
#.# ###..#...##
#.######.+...+
#......###...#
######.# ##### #.#
#># #.###########


There were no monsters in sight!

Vanquished Creatures
  3 ball pythons (D:1)
  3 bats (D:1)
  An endoplasm (D:1)
  4 goblins (D:1)
  A hobgoblin (D:1)
  2 jackals (D:1)
  A kobold (D:1)
  A quokka (D:1)
  A frilled lizard (D:1)
17 creatures vanquished.

Notes
Turn   | Place    | Note
-------+----------+-------------------------------------------
     0 | D:1      | Querens the Formicid Fighter began the quest for the Orb.
     0 | D:1      | Reached XP level 1. HP: 18/18 MP: 1/1
   112 | D:1      | Found a faded altar of an unknown god.
   128 | D:1      | Reached XP level 2. HP: 20/24 MP: 2/2
   399 | D:1      | Reached XP level 3. HP: 10/29 MP: 3/3
   405 | D:1      | HP: 1/29 [poisoned by a kobold]
   406 | D:1      | Succumbed to a kobold's poison

Illustrated notes

Levels and vault maps discovered:
D:1:      reono_arrival_mine, layout_basic, hellmonk_ecumenical_altar_blasted

Action                     || total
---------------------------++-------
  Melee: War axe           ||    53
    Use: Potion            ||     1
 Armour: Scale mail        ||    46
  Dodge: Dodged            ||    34
  Block: Buckler           ||    19

Table legend: (Time is in decaauts)
 A = Elapsed time spent in this place.
 B = Non-inter-level travel time spent in this place.
 C = Inter-level travel time spent in this place.
 D = Time resting spent in this place.
 E = Time spent auto-exploring this place.
 F = Levels seen in this place.
 G = Mean time per level.
                   A        B        C        D        E       F      G
               +--------+--------+--------+--------+--------+-----+--------+
         Total |    429 |    429 |      0 |      0 |      0 |   1 |  429.0 |
       Dungeon |    429 |    429 |      0 |      0 |      0 |   1 |  429.0 |
               +--------+--------+--------+--------+--------+-----+--------+

Top non-repeatable levels by time:
     D:1: 429 daAuts
